 Dungeon Crawl Stone Soup version 0.27.1-1-g398f81649c (webtiles) character file.

Game seed: 13038275392055992952

501 acemry the Changer (level 7, -4/43 HPs)
             Began as an Octopode Transmuter on Sept 5, 2021.
             Was a Follower of Cheibriados.
             Slain by a hornet (17 damage)
             ... while paralysed by a hornet
             ... on level 5 of the Dungeon.
             The game lasted 00:16:19 (6413 turns).

acemry the Changer (Octopode Transmuter)            Turns: 6413, Time: 00:16:19

Health: -4/43      AC:  1    Str: 11    XL:     7   Next: 17%
Magic:  10/10      EV:  2    Int: 20    God:    Cheibriados [*.....]
Gold:   151        SH:  0    Dex: 14    Spells: 6/10 levels left

rFire    . . .     SeeInvis +     - Unarmed
rCold    + . .     Faith    .   (no shield)
rNeg     + . .     Spirit   .   (helmet restricted)
rPois    .         Reflect  .   (no amulet)
rElec    .         Harm     .   d - ring of protection from cold
rCorr    .         Rampage  .   e - ring of positive energy
Will     .....                  a - ring of see invisible
Stlth    ++........             (no ring)
HPRegen  0.14/turn              (no ring)
MPRegen  0.12/turn              (no ring)
                                (no ring)
                                (no ring)

@: paralysed, lethally poisoned (-4 -> -17), very slow
A: almost no armour, amphibious, 8 rings, camouflage 1, gelatinous body 1,
(nimble swimmer 1), tentacles
a: Renounce Religion, Bend Time


You were on level 5 of the Dungeon.
You worshipped Cheibriados.
Cheibriados was aware of your devotion.
You visited 2 branches of the dungeon, and saw 6 of its levels.

You collected 151 gold pieces.

Inventory:

Missiles
 m - 34 poisoned darts
Armour
 b - a +1 tower shield
Magical Staves
 o - a staff of air
Jewellery
 a - a ring of see invisible (on tentacle)
 d - a ring of protection from cold (left tentacle)
 e - a ring of positive energy (right tentacle)
 n - a ring of fire
 r - a ring of protection from cold
Wands
 f - a wand of iceblast (13)
Scrolls
 h - 2 scrolls of teleportation
 j - 4 scrolls of fear
 p - 3 scrolls of identify {unknown}
 q - a scroll of magic mapping {unknown}
Potions
 c - a potion of lignification {unknown}
 g - a potion of magic {unknown}
 i - a potion of brilliance {unknown}
 k - a potion of attraction {unknown}
 l - a potion of curing {unknown}


   Skills:
 - Level 1.0 Fighting
 - Level 2.0 Dodging
 - Level 3.0 Unarmed Combat
 - Level 2.0 Spellcasting
 + Level 7.6 Transmutations


You had 6 spell levels left.
You knew the following spells:

 Your Spells              Type           Power      Damage    Failure   Level
a - Beastly Appendage     Tmut           64%        N/A       1%          1
b - Spider Form           Tmut/Pois      8%         N/A       10%         3

Your spell library contained the following spells:

 Spells                   Type           Power      Damage    Failure   Level
 Wereblood                Tmut           32%        N/A       1%          2
 Freeze                   Ice            8%         1d3       16%         1
 Blade Hands              Tmut           16%        N/A       19%         5
 Ice Form                 Ice/Tmut       17%        N/A       32%         4
 Frozen Ramparts          Ice            4%         1d2       43%         3
 Summon Guardian Golem    Hex/Summ       2%         N/A       43%         3
 Irradiate                Conj/Tmut      8%         3d16      67%         5
 Hailstorm                Conj/Ice       2%         3d3       83%         4
 Dragon Form              Tmut           16%        N/A       99%         7
 Orb of Destruction       Conj           1%         N/A       100%        7
 Spellforged Servitor     Conj/Summ      1%         N/A       100%        7


Dungeon Overview and Level Annotations

Branches:
Dungeon (5/15)             Temple (1/1) D:4

Altars:
Ashenzari
Cheibriados
Dithmenos
Elyvilon
Fedhas
Gozag
Hepliaklqana
Makhleb
Nemelex Xobeh
Ru
Sif Muna
Trog
Uskayaw
Vehumet
Wu Jian
Yredelemnul
Zin
The Shining One
Beogh

Shops:
D:1 !

Annotations:
D:3 3 runed translucent doors, acemry's ghost, amateur OpTm


Innate Abilities, Weirdness & Mutations

You cannot wear most types of armour.
You are amphibious.
You can wear up to eight rings at the same time.
Your skin changes colour to match your surroundings (Stealth+).
Your rubbery body absorbs attacks. (AC +1, EV +1)
((You are camouflaged near water. (Stealth+)))
You have tentacles for arms and can constrict up to eight enemies at once.


Message History

You tentacle-slap the bullfrog skeleton.
The bullfrog skeleton is severely damaged.
You constrict the bullfrog skeleton.
The bullfrog skeleton closely misses you.
You tentacle-slap the bullfrog skeleton.
The bullfrog skeleton is almost destroyed.
You constrict the bullfrog skeleton.
The bullfrog skeleton barely misses you.
The bullfrog skeleton misses you.
You tentacle-slap the bullfrog skeleton.
You destroy the bullfrog skeleton!
Cheibriados thoroughly appreciates the change of pace.
Magic restored.
HP restored.
Your transformation is almost over.
Found an escape hatch in the floor.
Your tentacle spike disappears.
Found 26 stones.
You see here 26 stones.
Found a stone staircase leading up.
You see here 26 stones.
Found 21 poisoned darts.
m - 34 poisoned darts (gained 21)
Found a purple potion.
i - a purple potion A hornet comes into view.
The hornet buzzes angrily.
The hornet stings you!
You are poisoned.
You feel yourself slow down.
You fail to use your ability.
You feel yourself speed up.
You feel very sick. The hornet barely misses you. The hornet misses you.
You barely miss the hornet. Your grab misses the hornet.
You feel sick. The hornet stings you!
You are lethally poisoned!
You suddenly lose the ability to move!
You feel sick. The hornet stings you!
You die...

#########
......y.#
#@# #.#
#####.#
#.....#
#.#######
#.#.....#
#.#.###.#
#.#.# #.#
#.#.# #.#


You could see a hornet.

Vanquished Creatures
  A necrophage (D:4)
  A scorpion (D:4)
  A hound (D:4)
  A bullfrog skeleton (D:5)
  3 orc priests (D:4)
  An orc wizard (D:4)
  3 gnolls (D:2)
  6 adders
  An adder skeleton (D:4)
  3 dart slugs
  15 orcs (D:4)
  5 bats
  3 endoplasms
  2 giant cockroaches
  7 hobgoblins
  4 jackals (D:1)
  6 kobolds
  3 quokkas
  8 ball pythons
  4 frilled lizards
  6 goblins
  7 rats
91 creatures vanquished.

Vanquished Creatures (others)
  52 plants (D:4)
52 creatures vanquished.

Grand Total: 143 creatures vanquished

Notes
Turn   | Place    | Note
-------+----------+-------------------------------------------
     0 | D:1      | acemry the Octopode Transmuter began the quest for the Orb.
     0 | D:1      | Reached XP level 1. HP: 13/13 MP: 3/3
   235 | D:1      | Reached XP level 2. HP: 1/17 MP: 1/5
   545 | D:1      | Found a faded altar of an unknown god.
   560 | D:1      | Reached skill level 3 in Transmutations
   704 | D:1      | Reached XP level 3. HP: 19/23 MP: 4/6
   720 | D:1      | Learned a level 3 spell: Spider Form
   853 | D:1      | Found Sirag's Distillery.
  1771 | D:2      | Reached skill level 4 in Transmutations
  1859 | D:2      | Reached XP level 4. HP: 4/28 MP: 5/7
  2377 | D:2      | Identified a scroll of acquirement
  2377 | D:2      | Acquired a book of Transfigurations
  2776 | D:3      | Noticed acemry's ghost (amateur OpTm)
  2777 | D:3      | Found a runed translucent gate.
  2777 | D:3      | Found a runed translucent gate.
  3742 | D:3      | Identified the +8 whip of Indomitability {vorpal, rF+ rC+
                  | rN+}
  3747 | D:3      | Found a runed translucent gate.
  4162 | D:4      | Reached skill level 5 in Transmutations
  4162 | D:4      | Reached XP level 5. HP: 22/33 MP: 6/8
  4163 | D:4      | Noticed a necrophage
  4181 | D:4      | Killed a necrophage
  4182 | D:4      | Reached skill level 6 in Transmutations
  4182 | D:4      | Reached XP level 6. HP: 26/38 MP: 7/9
  4402 | D:4      | Found a staircase to the Ecumenical Temple.
  4420 | Temple   | Entered the Ecumenical Temple
  4635 | Temple   | Became a worshipper of Cheibriados the Contemplative
  5470 | D:4      | Reached skill level 7 in Transmutations
  5534 | D:4      | Reached * piety under Cheibriados
  5720 | D:4      | Reached XP level 7. HP: 30/43 MP: 8/10
  6146 | D:5      | Entered Level 5 of the Dungeon
  6410 | D:5      | Noticed a hornet
  6412 | D:5      | Paralysed by a hornet for 3 turns
  6413 | D:5      | Slain by a hornet

Illustrated notes

Levels and vault maps discovered:
D:1:      lightli_arrival_windingriver, layout_basic,
          hellmonk_ecumenical_altar_dog_temple, serial_shops,
          nicolae_shop_behind_doors, minmay_pentomino_u4
D:2:      layout_loops_cross
D:3:      layout_basic, biasface_ghost_orc_armoury, serial_curves,
          eino_curves_01, eino_curves_01, minmay_fractal_squares_diagonal_5
D:4:      layout_loops_ring, minmay_temple_entry_sparse_star,
          serial_bayou_lagoon_a
D:5:      layout_basic, serial_shops, shop, minmay_manual_mandibuliform
Temple:   dpeg_five_rooms_temple

Skill      XL: |  1  2  3  4  5  6 |
---------------+-------------------+-----
Transmutations | 3 4 5 6 7 |  7.6
Fighting       | |  1.0
Dodging        | |  2.0
Unarmed Combat | |  3.0
Spellcasting   | |  2.0

Action                   |  1- 3 |  4- 6 |  7- 9 || total
-------------------------+-------+-------+-------++-------
Melee: Unarmed           |    81 |   132 |    10 ||   223
       Constrict         |    23 |    34 |     1 ||    58
       Tentacles         |    15 |    27 |     1 ||    43
       Kick              |    18 |    34 |       ||    52
       Punch             |     3 |     3 |       ||     6
 Cast: Beastly Appendage |    29 |    39 |     1 ||    69
       Spider Form       |       |     1 |     2 ||     3
  Use: Scroll            |       |     7 |       ||     7
       Potion            |       |     3 |       ||     3
 Stab: Sleeping          |     3 |     2 |       ||     5
Armor: Skin              |     8 |     6 |       ||    14
Dodge: Dodged            |    53 |    75 |    12 ||   140
